Map: Heavy Artillery LE

Players

orakool - Winner!

  • Race: Terran Terran
  • Spawn Location: 7:00

LVOkiller - Winner!

  • Race: Protoss Protoss
  • League: Diamond
  • Spawn Location: 7:00

qqq

  • Race: Zerg Zerg
  • League: Platinum
  • Spawn Location: 3:00

Massa

  • Race: Terran Terran
  • League: Platinum
  • Spawn Location: 1:00

VOD

Have the link to the VOD?

Description

Time

  • Played on: Jan. 2, 2021, 5:58 a.m.
  • Length: 2:37
Show
View Real Time Build Order
Export as new Build Order

orakool Terran - Winner!

Build Orders:  

Get SALT Encoding   

  12  0:01  SCV  
  13  0:13  SCV  
  14  0:19  Supply Depot  
  14  0:25  SCV  
  15  0:32  Refinery  
  15  0:40  SCV  
  16  0:47  Barracks  
  16  0:59  Barracks  
  16  1:04  SCV  
  17  1:16  SCV  
  17  1:17  Refinery  
  18  1:29  Barracks  
  18  1:36  Reaper  
  19  1:46  Reaper  
  20  1:49  SCV  
  21  1:54  Supply Depot  
  21  2:08  Orbital Command  
Show
View Real Time Build Order
Export as new Build Order

LVOkiller Protoss - Winner!

Build Orders:  

Get SALT Encoding   

  12  0:00  Probe  
  13  0:12  Probe  
  14  0:18  Pylon  
  14  0:25  Probe  
  15  0:37  Probe (Chrono Boost)  
  15  0:39  Gateway  
  16  0:45  Assimilator  
  16  0:49  Probe (Chrono Boost)  
  18  0:57  Probe (Chrono Boost)  
  18  0:59  Pylon  
  18  1:03  Probe  
  19  1:17  Probe  
  20  1:30  Probe  
  21  1:42  Probe  
  21  1:44  Cybernetics Core  
  21  1:46  Assimilator  
  22  1:54  Probe  
  23  2:06  Probe  
  24  2:16  Gateway  
  24  2:18  Probe, Gateway  
  24  2:20  Gateway  
Show
View Real Time Build Order
Export as new Build Order

qqq Zerg 

Build Orders:  

Get SALT Encoding   

Show
View Real Time Build Order
Export as new Build Order

Massa Terran 

Build Orders:  

Get SALT Encoding   

Tags
 
Add a new tag
Caveats
  • Supply blocks, unpowered buildings, or Contaminate may cause inaccurate times.
  • Supply counts are checked every 10 seconds.